 Dungeon Crawl Stone Soup version 0.24-b1-44-g37ad8b309f (webtiles) character file.

Game seed: 1465131823281548068, levelgen mode: deterministic

838 Mrkan the Cudgeler (level 7, -5/46 HPs)
             Began as a Gargoyle Fighter on Oct 24, 2019.
             Was a Follower of Elyvilon.
             Killed by divine providence
             ... invoked by an orc priest
              (15 damage)
             ... on level 4 of the Dungeon.
             The game lasted 00:07:05 (3052 turns).

Mrkan the Cudgeler (Gargoyle Fighter)               Turns: 3052, Time: 00:07:06

Health: -5/46      AC: 15    Str: 22    XL:     7   Next: 99%
Magic:  9/9        EV:  5    Int:  8    God:    Elyvilon [*.....]
Gold:   160        SH:  0    Dex:  9    Spells: 6/6 levels left

rFire    . . .     SeeInvis .   v - +2 flail (holy)
rCold    . . .     Gourm    .   c - +0 shield
rNeg     + . .     Faith    .   h - +0 chain mail
rPois    ∞         Spirit   .   (no helmet)
rElec    +         Reflect  .   (no cloak)
rCorr    .         Harm     .   b - +0 pair of gloves
MR       .....                  (no boots)
Stlth    ..........             (no amulet)
HPRegen  0.15/turn              (no ring)
MPRegen  0.11/turn              (no ring)

@: confused
A: negative energy resistance 1, electricity resistance, unbreathing,
petrification resistance, rot immunity, AC +4
a: Lesser Healing, Divine Protection, Renounce Religion


You were on level 4 of the Dungeon.
You worshipped Elyvilon.
Elyvilon was aware of your devotion.
You were not hungry.

You visited 1 branch of the dungeon, and saw 6 of its levels.

You collected 160 gold pieces.

Inventory:

Hand Weapons
 a - a +0 flail
 v - a +2 flail of holy wrath (weapon)
Missiles
 q - 41 stones (quivered)
Armour
 b - a +0 pair of gloves (worn)
 c - a +0 shield (worn)
 h - a +0 chain mail (worn)
Jewellery
 m - an uncursed ring of protection from cold {unknown}
 o - an uncursed amulet of guardian spirit {unknown}
Scrolls
 d - 2 scrolls of remove curse {unknown}
 i - a scroll of enchant weapon {unknown}
 k - a scroll of enchant armour {unknown}
 n - 6 scrolls of identify {unknown}
 s - 2 scrolls of teleportation {unknown}
 t - 2 scrolls of fear {unknown}
 u - a scroll of magic mapping {unknown}
 w - a scroll of fog {unknown}
 y - a scroll of immolation {unknown}
Potions
 e - a potion of resistance {unknown}
 g - a potion of heal wounds {unknown}
 j - a potion of lignification {unknown}
 l - 2 potions of curing {unknown}
 p - 3 potions of invisibility {unknown}
 x - a potion of berserk rage {unknown}
 z - 2 potions of brilliance {unknown}
Comestibles
 f - 5 rations
 r - 3 chunks of flesh


   Skills:
 + Level 6.0 Fighting
 * Level 7.0 Maces & Flails
 - Level 3.2 Armour
 - Level 3.2 Shields
 + Level 2.9 Invocations


You had 6 spell levels left.
You didn't know any spells.
Your spell library contained the following spells:

 Spells                   Type           Power        Failure   Level  Hunger
 Animate Skeleton         Necr           N/A          100%        1    ##.....
 Pain                     Necr           #...         100%        1    ##.....
 Regeneration             Chrm/Necr      #.........   100%        3    ####...
 Vampiric Draining        Necr           #.........   100%        3    ####...
 Animate Dead             Necr           N/A          100%        4    #####..


Dungeon Overview and Level Annotations

Branches:
Dungeon (6/15)
 Temple: D:4-7

Altars:
Cheibriados
Elyvilon
Fedhas
Hepliaklqana
Kikubaaqudgha
Okawaru
Uskayaw
Vehumet
Wu Jian


Innate Abilities, Weirdness & Mutations

You are resistant to torment.
Your stone body is resilient. (AC +4)
You are immune to poison.
You resist negative energy. (rN+)
You are resistant to electric shocks. (rElec)
You can survive without breathing.
You are immune to petrification.
You are immune to rotting.


Message History

The gnoll is severely wounded.
The gnoll hits you with a +0 falchion.
* * * LOW HITPOINT WARNING * * *
You bludgeon the gnoll!!
You kill the gnoll!
You completely miss something. Something hits you but does no damage.
You hear some strange, mumbled words.
A magic dart appears from out of thin air!
The magic dart hits you.
* * * LOW HITPOINT WARNING * * *
You closely miss something. Something hits you but does no damage.
You closely miss something. Something hits you but does no damage.
You hit something. Something hits you but does no damage.
You completely miss something. You block something's attack.
Your shield and chain mail prevent you from hitting something.
You hear some strange, mumbled words.
You are confused.
The orc priest invokes the aid of Beogh against you.
Beogh smites you!
You die...

#....##PPP##)#
#....##.### .#
#.#.g##.#
#..#o.#)#
#..#o.og#
..##..##o#
.......##o#
#.####..##{#
#. ...##@#
.....#.#
.........
##.....#...
.#####. .# ..
#. .. . .#


You could see an orc priest, a gnoll and 2 orcs.

Vanquished Creatures
  A water moccasin (D:6)
  Duvessa (D:6)
  Blork the orc (D:4)
  Dowan (D:6)
  2 howler monkeys (D:4)
  A jelly (D:4)
  An orc priest (D:6)
  2 orc wizards (D:6)
  A centaur skeleton (D:4)
  A gnoll shaman (D:4)
  An iguana (D:5)
  A worker ant (D:4)
  Robin (D:2)
  3 gnolls
  5 adders
  2 oozes
  3 worms
  An adder skeleton (D:4)
  4 dart slugs
  6 leopard geckos
  9 orcs
  5 giant cockroaches
  8 goblins
  12 hobgoblins
  2 jackals (D:1)
  A quokka (D:6)
  3 ball pythons
  A ball python skeleton (D:5)
  12 bats
  3 frilled lizards
  13 kobolds
  A quokka skeleton (D:3)
  5 rats
114 creatures vanquished.

Vanquished Creatures (others)
  3 worker ants (D:4)
  An adder (D:4)
  A worm (D:4)
  2 leopard geckos
7 creatures vanquished.

Grand Total: 121 creatures vanquished

Notes
Turn   | Place    | Note
-------+----------+-------------------------------------------
     0 | D:1      | Mrkan the Gargoyle Fighter began the quest for the Orb.
     0 | D:1      | Reached XP level 1. HP: 14/14 MP: 1/1
    73 | D:1      | Reached XP level 2. HP: 3/19 MP: 2/2
   343 | D:1      | Reached skill level 3 in Maces & Flails
   348 | D:1      | Reached XP level 3. HP: 18/24 MP: 3/3
   782 | D:2      | Noticed Robin
   815 | D:2      | Killed Robin
   815 | D:2      | Reached XP level 4. HP: 2/29 MP: 4/4
   827 | D:2      | HP: 1/29 [leopard gecko (2)]
  1186 | D:2      | Found a white marble altar of Elyvilon.
  1202 | D:2      | Became a worshipper of Elyvilon the Healer
  1282 | D:2      | Found an ornate altar of the Wu Jian Council.
  1283 | D:2      | Found an iron altar of Okawaru.
  1315 | D:2      | Reached skill level 4 in Maces & Flails
  1335 | D:2      | Found a hide-covered altar of Uskayaw.
  1338 | D:2      | Found a radiant altar of Vehumet.
  1689 | D:2      | Found an ancient bone altar of Kikubaaqudgha.
  1854 | D:3      | Reached XP level 5. HP: 34/34 MP: 5/5
  2143 | D:3      | Reached * piety under Elyvilon
  2219 | D:3      | You fall into a shaft and drop 3 floors!
  2219 | D:6      | Noticed a water moccasin
  2230 | D:6      | Killed a water moccasin
  2230 | D:6      | Reached skill level 5 in Maces & Flails
  2230 | D:6      | Reached XP level 6. HP: 34/40 MP: 6/6
  2255 | D:6      | Reached skill level 5 in Fighting
  2398 | D:6      | Found a blossoming altar of Fedhas.
  2492 | D:6      | Noticed Duvessa
  2492 | D:6      | Noticed Dowan
  2505 | D:6      | Killed Duvessa
  2505 | D:6      | Reached skill level 6 in Maces & Flails
  2505 | D:6      | Reached skill level 1 in Invocations
  2505 | D:6      | Reached XP level 7. HP: 26/44 MP: 7/7
  2519 | D:6      | Killed Dowan
  2635 | D:5      | Entered Level 5 of the Dungeon
  2733 | D:3      | Found a snail-covered altar of Cheibriados.
  2733 | D:3      | Found a hazy altar of Hepliaklqana.
  2922 | D:3      | You fall into a shaft and drop 1 floor!
  2922 | D:4      | Noticed Blork the orc
  2945 | D:4      | Killed Blork the orc
  3039 | D:4      | Reached skill level 7 in Maces & Flails
  3052 | D:4      | Killed from afar by an orc priest

Skill      XL: |  1  2  3  4  5  6  7 |
---------------+----------------------+-----
Maces & Flails | 3 4 5 6 7 |  7.0
Fighting       | 4 5 6 |  6.0
Invocations    | 1 2 |  2.9
Armour         | |  3.2
Shields        | |  3.2

Action                   |  1- 3 |  4- 6 |  7- 9 || total
-------------------------+-------+-------+-------++-------
Melee: Flail             |   136 |   211 |    92 ||   439
Invok: Lesser Healing    |       |     1 |       ||     1
  Use: Potion            |     1 |     1 |       ||     2
  Eat: Chunk             |       |     6 |     2 ||     8
Armor: Scale mail        |   116 |    14 |       ||   130
       Chain mail        |       |   163 |    65 ||   228
Dodge: Dodged            |    69 |    62 |    20 ||   151
Block: Shield            |   118 |   125 |    40 ||   283
